ORI
FLORIDA STATE UNIVERSITY SEMINOLES @ UNIVERSITY OF MINNESOTA GOLDEN GOPHERS
11/26/2047
 
TOP OF THE 1ST
Florida State University Seminoles batting - Pitching for Louisiana State University Tigers : RHP Brian Hilbert
Pitching: RHP Brian Hilbert
Batting: RHB Ray Johnson 0-0: Ball
1-0: Foul Ball, location: 2F
1-1: Ball
2-1: Ball
3-1: Swinging Strike
3-2: Foul Ball, location: 2F
3-2: Ground out 4-3 (Groundball, 4, EV 85.6 MPH)
Batting: RHB Terry Cisneros 0-0: Ball
1-0: Called Strike
1-1: Fly out, F7 (Line Drive, 78M, EV 95.0 MPH)
Batting: LHB John Doiron 0-0: Ball
1-0: Ball
2-0: Ball
3-0: Base on Balls
Batting: RHB Butch Huskey 0-0: Called Strike
John Doiron is caught stealing 2nd base 2-4
Top of the 1st over - 0 runs, 0 hits, 0 errors, 0 left on base; Florida State University 0 - Louisiana State University 0
BOTTOM OF THE 1ST
Louisiana State University Tigers batting - Pitching for Florida State University Seminoles : LHP Nick Linkletter
Pitching: LHP Nick Linkletter
Batting: LHB John Carter 0-0: Called Strike
0-1: Ball
1-1: SINGLE (Line Drive, 8RS, EV 92.5 MPH)
Batting: RHB Winston Vasquez 0-0: Ball
1-0: Fly out, F7 (Flyball, 78M, EV 89.4 MPH)
Batting: RHB Keith Ashton 0-0: Ball
1-0: Called Strike
1-1: Called Strike
1-2: Grounds into double play, 5-4-3 (Groundball, 56, EV 87.5 MPH)
Bottom of the 1st over - 0 runs, 1 hit, 0 errors, 0 left on base; Florida State University 0 - Louisiana State University 0
TOP OF THE 2ND
Florida State University Seminoles batting - Pitching for Louisiana State University Tigers : RHP Brian Hilbert
Batting: RHB Butch Huskey 0-0: Fly out, F7 (Flyball, 7LM, EV 95.6 MPH)
Batting: RHB Jonathan Bruni 0-0: Called Strike
0-1: Swinging Strike
0-2: Ground out 5-3 (Groundball, 5, EV 106.2 MPH)
Batting: RHB George Smienk 0-0: Called Strike
0-1: Ball
1-1: Ball
2-1: Swinging Strike
2-2: Ball
3-2: Base on Balls
Batting: LHB Matt Stewart 0-0: Ball
George Smienk is caught stealing 2nd base 2-6
Top of the 2nd over - 0 runs, 0 hits, 0 errors, 0 left on base; Florida State University 0 - Louisiana State University 0
BOTTOM OF THE 2ND
Louisiana State University Tigers batting - Pitching for Florida State University Seminoles : LHP Nick Linkletter
Batting: LHB Matt Ellington 0-0: Called Strike
0-1: Ball
1-1: Ball
2-1: Ball
3-1: Base on Balls
Batting: RHB D.J. Ganz 0-0: Called Strike
0-1: Ball
1-1: Grounds into double play, 5-4-3 (Groundball, 56, EV 110.0 MPH)
Batting: LHB Manny Grado 0-0: Ball
1-0: Ball
2-0: Called Strike
2-1: Ball
3-1: Foul Ball, location: 2F
3-2: Foul Ball, location: 2F
3-2: Base on Balls
Batting: RHB Byung-hee Jee 0-0: Foul Ball, location: 2F
0-1: Ball
1-1: Called Strike
1-2: Ball
2-2: Foul Ball, location: 2F
2-2: Strikes out swinging
Bottom of the 2nd over - 0 runs, 0 hits, 0 errors, 1 left on base; Florida State University 0 - Louisiana State University 0
TOP OF THE 3RD
Florida State University Seminoles batting - Pitching for Louisiana State University Tigers : RHP Brian Hilbert
Batting: LHB Matt Stewart 0-0: Ground out 1-3 (Groundball, 13S, EV 63.1 MPH)
Batting: RHB J.R. Harvey 0-0: Ball
1-0: Ball
2-0: Called Strike
2-1: Swinging Strike
2-2: Ball
3-2: Strikes out swinging
Batting: RHB Emilio Guerra 0-0: Called Strike
0-1: Ball
1-1: Ball
2-1: SINGLE (Groundball, 5L, EV 98.8 MPH)
Batting: RHB Ray Johnson 0-0: Called Strike
0-1: Swinging Strike
0-2: Ball
1-2: Ball
2-2: Foul Ball, location: 2F
2-2: Ball
Emilio Guerra steals 2nd base
3-2: Base on Balls
Batting: RHB Terry Cisneros 0-0: SINGLE (Groundball, 56, EV 103.8 MPH)
Emilio Guerra to third
Ray Johnson to second
Runner from 3rd tries for Home, SAFE, throw by LF to home
Batting: LHB John Doiron 0-0: Ball
1-0: Called Strike
1-1: Swinging Strike
1-2: Foul Ball, location: 2F
1-2: Foul Ball, location: 2F
1-2: Fielders Choice at 2nd, 6-4 (Groundball, 6, EV 98.1 MPH)
Top of the 3rd over - 1 run, 2 hits, 0 errors, 2 left on base; Florida State University 1 - Louisiana State University 0
BOTTOM OF THE 3RD
Louisiana State University Tigers batting - Pitching for Florida State University Seminoles : LHP Nick Linkletter
Batting: SHB Brian Caruso 0-0: Ball
1-0: Called Strike
1-1: Ball
2-1: SOLO HOME RUN (Flyball, 89XD, EV 104.4 MPH), Distance : 407 ft
Batting: LHB Jon Valdez 0-0: Ball
1-0: Called Strike
1-1: Ball
2-1: Foul Ball, location: 2F
2-2: SINGLE (Groundball, P, EV 86.2 MPH) (infield hit)
Batting: LHB John Carter 0-0: Ball
1-0: Foul Ball, location: 2F
1-1: Foul Ball, location: 2F
1-2: Foul Ball, location: 2F
1-2: Ball
2-2: Ball
3-2: Fielders Choice at 2nd, 5-4 (Groundball, 56, EV 81.9 MPH)
Batting: RHB Winston Vasquez 0-0: Ball
John Carter steals 2nd base
1-0: Ball
2-0: Called Strike
2-1: Ball
3-1: DOUBLE (Flyball, 9LD, EV 105.6 MPH)
John Carter scores
Batting: RHB Keith Ashton 0-0: Called Strike
0-1: Fly out, F9 (Flyball, 89M, EV 76.2 MPH)
Batting: LHB Matt Ellington 0-0: Foul Ball, location: 2F
0-1: Swinging Strike
0-2: Foul Ball, location: 2F
0-2: Strikes out swinging
Bottom of the 3rd over - 2 runs, 3 hits, 0 errors, 1 left on base; Florida State University 1 - Louisiana State University 2
TOP OF THE 4TH
Florida State University Seminoles batting - Pitching for Louisiana State University Tigers : RHP Brian Hilbert
Batting: RHB Butch Huskey 0-0: Ball
1-0: Fly out, F7 (Flyball, 7S, EV 94.4 MPH)
Batting: RHB Jonathan Bruni 0-0: Ball
1-0: Ball
2-0: Called Strike
2-1: Swinging Strike
2-2: Foul Ball, location: 2F
2-2: Foul Ball, location: 2F
2-2: Strikes out swinging
Batting: RHB George Smienk 0-0: Ground out 6-3 (Groundball, 6, EV 91.9 MPH)
Top of the 4th over - 0 runs, 0 hits, 0 errors, 0 left on base; Florida State University 1 - Louisiana State University 2
BOTTOM OF THE 4TH
Louisiana State University Tigers batting - Pitching for Florida State University Seminoles : LHP Nick Linkletter
Batting: RHB D.J. Ganz 0-0: Ball
1-0: Foul Ball, location: 2F
1-1: Fly out, F8 (Flyball, 78M, EV 75.0 MPH)
Batting: LHB Manny Grado 0-0: Ball
1-0: Ball
2-0: Ball
3-0: Base on Balls
Batting: RHB Byung-hee Jee 0-0: Ball
1-0: Called Strike
1-1: Swinging Strike
1-2: Strikes out swinging
Batting: SHB Brian Caruso 0-0: Ball
1-0: Ball
2-0: Foul Ball, location: 2F
2-1: Foul Ball, location: 2F
2-2: Foul Ball, location: 2F
2-2: Foul Ball, location: 2F
2-2: Strikes out swinging
Bottom of the 4th over - 0 runs, 0 hits, 0 errors, 1 left on base; Florida State University 1 - Louisiana State University 2
TOP OF THE 5TH
Florida State University Seminoles batting - Pitching for Louisiana State University Tigers : RHP Brian Hilbert
Batting: LHB Matt Stewart 0-0: DOUBLE (Flyball, 8LXD, EV 108.1 MPH)
Batting: RHB J.R. Harvey 0-0: Ball
1-0: Called Strike
1-1: Foul Ball, location: 2F
1-2: Strikes out looking
Batting: RHB Emilio Guerra 0-0: Foul Ball, location: 2F
0-1: Fly out, F4 (Popup, 34, EV 62.5 MPH)
Batting: RHB Ray Johnson 0-0: Ball
1-0: Swinging Strike
1-1: SINGLE (Groundball, 25, EV 66.9 MPH) (infield hit)
Matt Stewart to third
Batting: RHB Terry Cisneros 0-0: Called Strike
0-1: Ball
1-1: Swinging Strike
1-2: Ball
2-2: Foul Ball, location: 2F
2-2: Foul Ball, location: 2F
2-2: Ball
3-2: Base on Balls
Ray Johnson to second
Pitching: RHP Chris Douglas
Batting: LHB John Doiron 0-0: Swinging Strike
0-1: Ground out U3 (Groundball, 3, EV 90.0 MPH)
Top of the 5th over - 0 runs, 2 hits, 0 errors, 3 left on base; Florida State University 1 - Louisiana State University 2
BOTTOM OF THE 5TH
Louisiana State University Tigers batting - Pitching for Florida State University Seminoles : LHP Nick Linkletter
Pitching: RHP Tony Morales
Batting: LHB Jon Valdez 0-0: Foul Ball, location: 2F
0-1: Foul Ball, location: 2F
0-2: Ball
1-2: Ball
2-2: Ball
3-2: Ground out 3-1 (Groundball, 34S, EV 86.2 MPH)
Batting: LHB John Carter 0-0: Ball
1-0: Ball
2-0: Foul Ball, location: 2F
2-1: Ball
3-1: Base on Balls
Batting: RHB Winston Vasquez 0-0: Ball
1-0: Ball
2-0: Ball
3-0: Swinging Strike
3-1: Foul Ball, location: 2F
3-2: Foul Ball, location: 2F
3-2: Base on Balls
John Carter to second
Batting: RHB Keith Ashton 0-0: Ball
1-0: Fly out, F7 (Line Drive, 7, EV 91.2 MPH)
Batting: LHB Matt Ellington 0-0: Called Strike
0-1: Ball
1-1: Swinging Strike
1-2: Ball
2-2: Ball
3-2: Foul Ball, location: 2F
3-2: Base on Balls
John Carter to third
Winston Vasquez to second
Batting: RHB D.J. Ganz 0-0: Ball
1-0: Ball
2-0: Ball
3-0: Called Strike
3-1: Called Strike
3-2: Base on Balls
John Carter scores
Winston Vasquez to third
Matt Ellington to second
Batting: LHB Manny Grado 0-0: Foul Ball, location: 2F
0-1: Foul Ball, location: 2F
0-2: Ball
1-2: Ball
2-2: Foul Ball, location: 2F
2-2: Fly out, F8 (Flyball, 8LD, EV 100.0 MPH)
Bottom of the 5th over - 1 run, 0 hits, 0 errors, 3 left on base; Florida State University 1 - Louisiana State University 3
TOP OF THE 6TH
Florida State University Seminoles batting - Pitching for Louisiana State University Tigers : RHP Chris Douglas
Batting: RHB Butch Huskey 0-0: Called Strike
0-1: Fly out, F9 (Line Drive, 9, EV 95.6 MPH)
Batting: RHB Jonathan Bruni 0-0: Ground out 5-3 (Groundball, 56, EV 81.2 MPH)
Batting: RHB George Smienk 0-0: Called Strike
0-1: Ball
1-1: Foul Ball, location: 2F
1-2: Fly out, F3 (Popup, 23F, EV 81.2 MPH)
Top of the 6th over - 0 runs, 0 hits, 0 errors, 0 left on base; Florida State University 1 - Louisiana State University 3
BOTTOM OF THE 6TH
Louisiana State University Tigers batting - Pitching for Florida State University Seminoles : RHP Tony Morales
Batting: RHB Byung-hee Jee 0-0: Ball
1-0: Called Strike
1-1: Fly out, F9 (Flyball, 9, EV 91.2 MPH)
Batting: SHB Brian Caruso 0-0: Called Strike
0-1: Foul Ball, location: 7LSF, Error on foul ball, E7
0-2: Foul Ball, location: 2F
0-2: Ball
1-2: Foul Ball, location: 2F
1-2: Strikes out swinging
Batting: LHB Jon Valdez 0-0: Ball
1-0: Ball
2-0: Fly out, F9 (Flyball, 9LM, EV 103.1 MPH)
Bottom of the 6th over - 0 runs, 0 hits, 1 error, 0 left on base; Florida State University 1 - Louisiana State University 3
TOP OF THE 7TH
Florida State University Seminoles batting - Pitching for Louisiana State University Tigers : RHP Chris Douglas
Batting: LHB Matt Stewart 0-0: Called Strike
0-1: Called Strike
0-2: Ball
1-2: Foul Ball, location: 2F
1-2: Ball
2-2: Ground out U3 (Groundball, 3, EV 84.4 MPH)
Pinch Hitting: RHB Bart Hall 0-0: Called Strike
0-1: SOLO HOME RUN (Flyball, 9LD, EV 95.0 MPH), Distance : 346 ft
Batting: RHB Emilio Guerra 0-0: Foul Ball, location: 2F
0-1: SINGLE (Groundball, 4MD, EV 108.8 MPH)
Batting: RHB Ray Johnson 0-0: Ball
1-0: Ball
2-0: Ball
3-0: Base on Balls
Emilio Guerra to second
Pinch Hitting: SHB John Welsh 0-0: Called Strike
0-1: Foul Ball, location: 2F
0-2: Ball
1-2: Strikes out looking
Batting: LHB John Doiron 0-0: Called Strike
0-1: Ball
1-1: Ball
2-1: Called Strike
2-2: Strikes out looking
Top of the 7th over - 1 run, 2 hits, 0 errors, 2 left on base; Florida State University 2 - Louisiana State University 3
BOTTOM OF THE 7TH
Louisiana State University Tigers batting - Pitching for Florida State University Seminoles : RHP Tony Morales
Pitching: RHP Wade Striegel
Now at 1B: John Welsh
Now at SS: Larry Berge
Batting: LHB John Carter 0-0: Ball
1-0: Swinging Strike
1-1: Foul Ball, location: 2F
1-2: Ball
2-2: Strikes out looking
Batting: RHB Winston Vasquez 0-0: Ball
1-0: Called Strike
1-1: Foul Ball, location: 2F
1-2: Strikes out looking
Batting: RHB Keith Ashton 0-0: Called Strike
0-1: Foul Ball, location: 2F
0-2: Strikes out swinging
Bottom of the 7th over - 0 runs, 0 hits, 0 errors, 0 left on base; Florida State University 2 - Louisiana State University 3
TOP OF THE 8TH
Florida State University Seminoles batting - Pitching for Louisiana State University Tigers : RHP Chris Douglas
Pitching: LHP Bob Arms
Batting: RHB Butch Huskey 0-0: Fly out, F7 (Flyball, 78M, EV 83.1 MPH)
Batting: RHB Jonathan Bruni 0-0: Ball
1-0: Ground out 4-3 (Groundball, 4M, EV 94.4 MPH)
Batting: RHB George Smienk 0-0: Swinging Strike
0-1: Ball
1-1: Swinging Strike
1-2: Ball
2-2: Foul Ball, location: 2F
2-2: Ball
3-2: Strikes out looking
Top of the 8th over - 0 runs, 0 hits, 0 errors, 0 left on base; Florida State University 2 - Louisiana State University 3
BOTTOM OF THE 8TH
Louisiana State University Tigers batting - Pitching for Florida State University Seminoles : RHP Wade Striegel
Batting: LHB Matt Ellington 0-0: Ball
1-0: Ball
2-0: Ground out 2-3 (Groundball, 2L, EV 65.6 MPH)
Batting: RHB D.J. Ganz 0-0: Ball
1-0: Called Strike
1-1: Foul Ball, location: 2F
1-2: Strikes out swinging
Batting: LHB Manny Grado 0-0: Ball
1-0: Called Strike
1-1: Ball
2-1: Ball
3-1: Called Strike
3-2: Fly out, F8 (Flyball, 8LM, EV 82.5 MPH)
Bottom of the 8th over - 0 runs, 0 hits, 0 errors, 0 left on base; Florida State University 2 - Louisiana State University 3
TOP OF THE 9TH
Florida State University Seminoles batting - Pitching for Louisiana State University Tigers : LHP Bob Arms
Batting: LHB Matt Stewart 0-0: Called Strike
0-1: Ball
1-1: Foul Ball, location: 2F
1-2: Ball
2-2: Foul Ball, location: 2F
2-2: Fly out, F8 (Flyball, 8RM, EV 86.2 MPH)
Batting: RHB Larry Berge 0-0: Ball
1-0: Ground out 6-3 (Groundball, 56S, EV 82.5 MPH)
Batting: RHB Emilio Guerra 0-0: Ball
1-0: Ball
2-0: Ball
3-0: Base on Balls
Batting: RHB Ray Johnson 0-0: Foul Ball, location: 2F
0-1: Fly out, F8 (Flyball, 78D, EV 99.4 MPH)
Top of the 9th over - 0 runs, 0 hits, 0 errors, 1 left on base; Florida State University 2 - Louisiana State University 3
Thursday, December 15th , 2022 - OOTP Baseball 23.9 Build 102